 Dungeon Crawl Stone Soup version 0.29-a0-218-gf2abdc9806 (webtiles) character file.

Game seed: 7636495879717441279

47 Aksej the Skirmisher (level 3, -5/43 HPs)
             Began as a Demonspawn Monk on Feb 25, 2022.
             Slain by a worm (6 damage)
             ... on level 2 of the Dungeon.
             The game lasted 00:02:41 (1826 turns).

Aksej the Skirmisher (Demonspawn Monk)              Turns: 1826, Time: 00:02:41

Health: -5/43      AC: 21    Str: 11    XL:     3   Next: 48%
Magic:  0/3        EV:  2    Int: 11    God:
Gold:   70         SH:  0    Dex: 17    Spells: 3/3 levels left

rFire   . . .      SeeInvis .   a - +0 mace
rCold   . . .      Faith    .   (no shield)
rNeg    . . .      Spirit   +   (body armour currently unavailable)
rPois   +          Reflect  .   (helmet currently unavailable)
rElec   .          Harm     .   (cloak currently unavailable)
rCorr   .          Rampage  .   (gloves currently unavailable)
Will    .....      NoTele   +   (boots currently unavailable)
Stlth   ++........              f - amulet of guardian spirit
HPRegen 0.14/turn               (no ring)
MPRegen 0.08/turn               (no ring)

@: tree-form
A: stationary, stasis, torment immunity, boosted hp, (icy blue scales 1)
a: no special abilities


You were on level 2 of the Dungeon.
You were a tree.
You visited 1 branch of the dungeon, and saw 2 of its levels.

You collected 70 gold pieces.

Inventory:

Hand Weapons
 a - a +0 mace (weapon)
Armour
 b - a +0 robe (melded)
Jewellery
 f - an amulet of guardian spirit (around neck)
Scrolls
 c - a scroll of amnesia


   Skills:
 * Level 3.5 Fighting
 + Level 3.1 Maces & Flails
 + Level 3.0 Dodging
 + Level 2.2 Stealth
 * Level 0.6 Spellcasting


You had 3 spell levels left.
You didn't know any spells.
Your spell library contained the following spells:

 Spells                   Type           Power      Damage    Failure   Level
 Magic Dart               Conj           0%         1d3       34%         1
 Call Imp                 Summ           0%         N/A       45%         2
 Mephitic Cloud           Conj/Pois/Air  0%         N/A       71%         3


Dungeon Overview and Level Annotations

Branches:
Dungeon (2/15)

Altars:
Beogh

Annotations:
D:2 Natasha


Innate Abilities, Weirdness & Mutations

You are a tree.
Your roots penetrate the ground, keeping you stationary.
You cannot be teleported.
You are immune to unholy pain and torment.
Your maximum health is greatly increased.
Your equipment is partially melded.
((You are partially covered in icy blue scales. (AC +2)))


Message History

You closely miss Natasha. Natasha barely misses you.
Natasha claws you but does no damage.
You hit Natasha.
Natasha is moderately wounded.
The worm bites you. Natasha claws you!
You barely miss Natasha.
Natasha is moderately wounded.
Natasha stares at you and mumbles some strange words.
The magic dart hits you. The worm bites you!
* * * LOW HITPOINT WARNING * * *
Really quaff the potion of lignification?
You turn into a tree.
Your +0 robe melds into your body.
Your roots penetrate the ground.
Natasha claws you but does no damage.
There are no items here.
You hit Natasha but do no damage.
Natasha is moderately wounded.
Natasha hisses.
Natasha claws you but does no damage. The worm bites you but does no damage.
You hit Natasha. Your punch misses Natasha.
Natasha is heavily wounded.
Natasha claws you.
* * * LOW HITPOINT WARNING * * *
The worm bites you but does no damage.
Natasha extends her claws.
Natasha barely misses you.
You hit Natasha.
Natasha is severely wounded.
Natasha barely misses you. The worm bites you but does no damage.
You hit Natasha.
Natasha is severely wounded.
Natasha claws you but does no damage.
You hit Natasha but do no damage.
Natasha is severely wounded.
Natasha mumbles some strange words.
The worm bites you.
* * * LOW HITPOINT WARNING * * *
You barely miss Natasha.
Natasha is severely wounded.
Natasha claws you but does no damage. The worm bites you.
You die...

# #+####### #
........# #
........# #
........+ #
.......)##### #
........#... #
......wh#.####### #
#♣........# #
#.##.####.### ###
#.##.#......# #..
#.##....#.#.# #.#
#.........#.# #..
#.......#####.# #..
#######.......#####.
..#...........
##.#....#.#####


You could see a worm and Natasha.

Vanquished Creatures
  2 adders (D:2)
  A dart slug (D:1)
  2 bats (D:1)
  2 endoplasms (D:1)
  3 giant cockroaches (D:1)
  A goblin (D:1)
  A hobgoblin (D:1)
  3 kobolds (D:1)
  2 quokkas (D:1)
  3 ball pythons (D:1)
  5 rats (D:1)
25 creatures vanquished.

Notes
Turn   | Place    | Note
-------+----------+-------------------------------------------
     0 | D:1      | Aksej the Demonspawn Monk began the quest for the Orb.
     0 | D:1      | Reached XP level 1. HP: 18/18 MP: 1/1
   253 | D:1      | Gained mutation: You are partially covered in icy blue
                  | scales. (AC +2) [demonic ancestry]
   253 | D:1      | Reached XP level 2. HP: 16/24 MP: 2/2
  1320 | D:1      | Reached XP level 3. HP: 23/29 MP: 1/3
  1384 | D:1      | Found a faded altar of an unknown god.
  1810 | D:2      | Noticed Natasha
  1825 | D:2      | HP: 1/43 [worm (3)]
  1826 | D:2      | Slain by a worm

Illustrated notes

Levels and vault maps discovered:
D:1:      sevenhm_arrival_forest_fort_large_1, layout_loops_ring,
          hellmonk_ecumenical_altar_defaced_shrine
D:2:      layout_basic, serial_shops, nicolae_shop_bloodbath_and_beyond,
          uniq_natasha

Skill      XL: |  1  2  3 |
---------------+----------+-----
Stealth        | 2 |  2.2
Maces & Flails | 3 |  3.1
Dodging        | 3 |  3.0
Fighting       | |  3.5
Spellcasting   | |  0.6

Action                   || total
-------------------------++-------
Melee: Mace              ||   107
  Use: Scroll            ||     3
       Potion            ||     1
 Stab: Sleeping          ||     9
Armor: Robe              ||    33
       Skin              ||     7
Dodge: Dodged            ||    72

Table legend: (Time is in decaauts)
 A = Elapsed time spent in this place.
 B = Non-inter-level travel time spent in this place.
 C = Inter-level travel time spent in this place.
 D = Time resting spent in this place.
 E = Time spent auto-exploring this place.
 F = Levels seen in this place.
 G = Mean time per level.
                   A        B        C        D        E       F      G
               +--------+--------+--------+--------+--------+-----+--------+
         Total |   1857 |   1804 |     53 |      0 |   1548 |   2 |  928.5 |
       Dungeon |   1857 |   1804 |     53 |      0 |   1548 |   2 |  928.5 |
               +--------+--------+--------+--------+--------+-----+--------+

Top non-repeatable levels by time:
     D:1: 1477 daAuts
     D:2: 380 daAuts
